 Dungeon Crawl Stone Soup version 0.29.0-11-gd7f09526c8 (webtiles) character file.

Game seed: 11897284924569348966

189 Zeldest the Chopper (level 5, 0/47 HPs)
             Began as a Ghoul Monk on Sept 4, 2022.
             Slain by an orc
             ... wielding a +2 whip of electrocution
              (15 damage)
             ... on level 4 of the Dungeon.
             The game lasted 00:01:46 (2675 turns).

Zeldest the Chopper (Ghoul Monk)                    Turns: 2675, Time: 00:01:47

Health: 0/47       AC:  9    Str: 17    XL:     5   Next: 68%
Magic:  4/4        EV:  7    Int:  5    God:
Gold:   187        SH:  0    Dex: 11    Spells: 4/4 levels left

rFire   . . .      SeeInvis .   a - +0 hand axe
rCold   + . .      Faith    .   (no shield)
rNeg    + + +      Spirit   .   g - +0 chain mail
rPois   ∞          Reflect  .   f - +0 helmet
rElec   .          Harm     .   (no cloak)
rCorr   .          Rampage  .   (no gloves)
Will    .....                   (no boots)
Stlth   ..........              (no amulet)
HPRegen 0.00/turn               (no ring)
MPRegen 0.09/turn               (no ring)

@: inhibited regen
A: claws 1, cold resistance 1, negative energy resistance 3, inhibited
regeneration, torment resistance 2, devour on kill
a: no special abilities


You were on level 4 of the Dungeon.
You visited 1 branch of the dungeon, and saw 4 of its levels.

You collected 187 gold pieces.

Inventory:

Hand Weapons
 a - a +0 hand axe (weapon)
Armour
 f - a +0 helmet (worn)
 g - a +0 chain mail (worn)
Jewellery
 j - an amulet of the acrobat
Wands
 q - a wand of iceblast (5)
Scrolls
 d - a scroll of poison {unknown}
 e - a scroll of enchant weapon {unknown}
 i - a scroll of torment {unknown}
 m - 3 scrolls of immolation {unknown}
 n - 2 scrolls of magic mapping {unknown}
 o - a scroll of enchant armour {unknown}
 p - a scroll of silence {unknown}
 r - a scroll of noise {unknown}
 s - a scroll of acquirement {unknown}
Potions
 b - 3 potions of brilliance {unknown}
 c - a potion of ambrosia
 h - 2 potions of curing {unknown}
 k - 2 potions of heal wounds
 l - a potion of flight {unknown}


   Skills:
 + Level 4.7 Fighting
 * Level 4.8 Axes
 - Level 2.6 Dodging
 - Level 2.1 Stealth


You had 4 spell levels left.
You didn't know any spells.
Your spell library contained the following spells:

 Spells                   Type           Power      Damage    Failure   Level
 Sting                    Tmut/Pois      0%         1d3       100%        1
 Poisonous Vapours        Pois/Air       0%         N/A       100%        2
 Tukima's Dance           Hex            0%         N/A       100%        3
 Olgreb's Toxic Radiance  Pois           0%         N/A       100%        4
 Passage of Golubria      Tloc           0%         N/A       100%        4
 Yara's Violent Unravell  Hex/Tmut       0%         3d3       100%        5


Dungeon Overview and Level Annotations

Branches:
Dungeon (4/15)
 Temple: D:4-7

Altars:

Shops:
D:4 (

Annotations:
D:3 Sigmund


Innate Abilities, Weirdness & Mutations

You are immune to poison.
You have sharp fingernails.
Your flesh is cold resistant. (rC+)
You are immune to negative energy. (rN+++)
You do not regenerate when monsters are visible.
You are immune to unholy pain and torment.
You thrive by killing the living.


Message History

The necrophage hits you but does no damage.
You hit the necrophage.
You destroy the necrophage!
You hit the hobgoblin but do no damage.
The hobgoblin drinks a potion.
The hobgoblin seems to grow stronger.
You closely miss the hobgoblin. You hit the orc but do no damage.
The hobgoblin hits you with a +0 club. The orc hits you but does no damage.
You hit the hobgoblin.
The hobgoblin is severely wounded.
You hit the orc.
The hobgoblin hits you but does no damage.
The orc hits you with a +2 whip of electrocution.
You are electrocuted!
You are too injured to fight recklessly!
You are too injured to fight recklessly!
You are too injured to fight recklessly!
You are too injured to fight recklessly!
You are too injured to fight recklessly!
You are too injured to fight recklessly!
You are too injured to fight recklessly!
You are too injured to fight recklessly!
You are too injured to fight recklessly!
You are too injured to fight recklessly!
You are too injured to fight recklessly!
You are too injured to fight recklessly!
You are too injured to fight recklessly!
You are too injured to fight recklessly!
You are too injured to fight recklessly!
You are too injured to fight recklessly!
You are too injured to fight recklessly!
You closely miss the hobgoblin.
The hobgoblin is severely wounded.
You hit the orc but do no damage. The hobgoblin hits you with a +0 club.
The orc barely misses you.
You hit the hobgoblin but do no damage.
The hobgoblin is severely wounded.
You barely miss the orc. The hobgoblin closely misses you.
The orc hits you with a +2 whip of electrocution.
You are electrocuted!
You die...

..#####.#........
#.#####........##...##
#..(...........#.....##
#+#######.†...........#
.......'.........∩...#
..######.............#
#........##..†.!#
#.........##o..#
#........##@#..#
#..........g..#
#.......####.##
#######........
######...# #.... ..##.
..#


You could see an orc and a hobgoblin (strong).

Vanquished Creatures
  A necrophage (D:4)
  A hound (D:4)
  Ijyb (D:3)
  2 adders (D:2)
  3 worms
  A dart slug (D:3)
  3 orcs (D:2)
  2 endoplasms
  6 goblins
  4 hobgoblins
  2 quokkas
  6 ball pythons
  A bat (D:2)
  4 frilled lizards
  6 kobolds
  3 rats
46 creatures vanquished.

Notes
Turn   | Place    | Note
-------+----------+-------------------------------------------
     0 | D:1      | Zeldest the Ghoul Monk began the quest for the Orb.
     0 | D:1      | Reached XP level 1. HP: 19/19 MP: 0/0
   324 | D:1      | Reached XP level 2. HP: 23/26 MP: 1/1
   413 | D:1      | Found a faded altar of an unknown god.
   960 | D:2      | Reached XP level 3. HP: 33/33 MP: 2/2
  1981 | D:3      | Reached XP level 4. HP: 37/40 MP: 3/3
  2044 | D:3      | Noticed Ijyb
  2080 | D:3      | Killed Ijyb
  2342 | D:3      | Noticed Sigmund
  2455 | D:4      | Reached XP level 5. HP: 36/47 MP: 4/4
  2661 | D:4      | Found Duloh's Weapon Boutique.
  2675 | D:4      | Slain by an orc

Illustrated notes

Levels and vault maps discovered:
D:1:      scummos_arrival_forest, layout_basic,
          shapermc_ecumenical_altar_starsandcircs
D:2:      layout_loops_corners, roderic_roman_lattice
D:3:      layout_loops_cross, nicolae_titane, uniq_ijyb, uniq_sigmund
D:4:      layout_basic, nicolae_overflow_crystal_walls, serial_shops,
          nicolae_shop_bloodbath_and_beyond, uniq_pargi

Skill      XL: |  1  2  3  4 |
---------------+-------------+-----
Axes           | 3 4 |  4.8
Fighting       | 4 |  4.7
Dodging        | |  2.6
Stealth        | |  2.1

Action                   |  1- 3 |  4- 6 || total
-------------------------+-------+-------++-------
Melee: Hand axe          |   118 |    99 ||   217
       Punch             |     2 |       ||     2
Armor: Robe              |     6 |       ||     6
       Chain mail        |    54 |    59 ||   113
Dodge: Dodged            |    44 |    45 ||    89
